 Dungeon Crawl Stone Soup version 0.32-a0-928-g1cae6b7ea0 (webtiles) character file.

Game seed: 13365048158762025722

5231 Ahpoh the Carver (level 10, -1/76 HPs)
             Began as a Coglin Gladiator on Apr 12, 2024.
             Was a Believer of Okawaru.
             Succumbed to a killer bee's poison
             ... on level 7 of the Dungeon.
             The game lasted 00:33:29 (9644 turns).

Ahpoh the Carver (Coglin Gladiator)                 Turns: 9644, Time: 00:33:29

Health: -1/76      AC: 13    Str: 16    XL:     10   Next: 61%
Magic:  10/10      EV:  9    Int:  7    God:    Okawaru [**....]
Gold:   586        SH:  0    Dex: 19    Spells: 9/9 levels left

rFire   . . .        q - +3 long sword {Ran}
rCold   . . .        t - +3 falchion {Hamal}
rNeg    . . .        k - +1 chain mail {Will+}
rPois   .            c - +1 helmet
rElec   .            (no cloak)
rCorr   .            (no gloves)
SInv    .            (no boots)
Will    +....        (amulet unavailable) Stlth
                     (ring unavailable)
HPRegen 0.32/turn    (ring unavailable)
MPRegen 0.12/turn    (no gizmo)

%: no passive effects
@: lethally poisoned (-1 -> -9), revved
A: off-hand wielding, slow wielding, warmup strikes, no jewellery, inability to
read after injury 1
a: Invent Gizmo, Renounce Religion, Heroism


You were on level 7 of the Dungeon.
You worshipped Okawaru.
Okawaru was pleased with you.
You visited 2 branches of the dungeon, and saw 9 of its levels.
You also visited: Sewer.

You collected 586 gold pieces.

Inventory:

Hand Weapons
 q - a +3 long sword (weapon) {Ran}
 t - a +3 falchion (offhand) {Hamal}
Missiles
 a - 6 datura-tipped darts
 d - 3 throwing nets (quivered)
Armour
 c - a +1 helmet (worn)
 k - a +1 chain mail of willpower (worn)
 o - a +0 chain mail
Talismans
 h - a flux talisman
Wands
 f - a wand of flame (17)
 s - a wand of roots (18)
Scrolls
 b - a scroll of identify
 j - a scroll of fear
 p - a scroll of fog {unknown}
 r - a scroll of silence {unknown}
Potions
 l - a potion of mutation


   Skills:
 * Level 6.0 Fighting
 * Level 10.1 Long Blades
 * Level 6.2 Throwing
 * Level 6.1 Armour
 * Level 5.2 Dodging
 + Level 0.1 Evocations


You had 9 spell levels left.
You didn't know any spells.
Your spell library contained the following spells:

 Spells                   Type           Power      Damage    Failure   Level
 Magic Dart               Conj           0%         1d3       99%         1
 Searing Ray              Conj           0%         2d4       100%        2
 Fulminant Prism          Conj/Alch      0%         3d5       100%        4


Dungeon Overview and Level Annotations

Branches:
Dungeon (8/15)             Temple (1/1) D:7           Sewer (visited)
   Lair: D:8-11

Altars:
Ashenzari
Dithmenos
Fedhas
Gozag
Hepliaklqana
Kikubaaqudgha
Makhleb
Nemelex Xobeh
Okawaru
Qazlal
Ru
Sif Muna
Trog
Uskayaw
Vehumet
Wu Jian
Xom
Zin
The Shining One
Beogh

Shops:
D:4 *


Innate Abilities, Weirdness & Mutations

You can wield a second weapon in your off-hand.
It takes a long time for you to wield or remove held weapons.
Your first few attacks do less damage.
You cannot equip rings or amulets.
You occasionally lose the ability to read scrolls when taking damage.


Message History

You feel sick. The killer bee stings you.
* * * LOW HITPOINT WARNING * * *
You are more poisoned.
The killer bee poisons you!
The killer bee stings you but does no damage.
You barely miss the killer bee with your +3 long sword.
The killer bee is heavily wounded.
You hit the killer bee with your +3 falchion.
You feel sick. The killer bee stings you.
* * * LOW HITPOINT WARNING * * *
You are lethally poisoned!
The killer bee poisons you!
Okay, then.
As you read the scroll labelled QECEIN QUNORIA, it crumbles to dust.
It is a scroll of identify.
j - a scroll of fear
* * * LOW HITPOINT WARNING * * *
You feel very sick. The killer bee stings you.
* * * LOW HITPOINT WARNING * * *
The killer bee stings you.
* * * LOW HITPOINT WARNING * * *
You miss the killer bee with your +3 falchion.
The killer bee is heavily wounded.
You closely miss the killer bee with your +3 long sword.
* * * LOW HITPOINT WARNING * * *
You feel sick.
The killer bee stings you but does no damage.
The killer bee closely misses you.
You barely miss the killer bee with your +3 falchion.
The killer bee is heavily wounded.
You closely miss the killer bee with your +3 long sword.
* * * LOW HITPOINT WARNING * * *
You feel sick.
The killer bee stings you but does no damage.
The killer bee barely misses you.
You barely miss the killer bee with your +3 falchion.
The killer bee is heavily wounded.
You barely miss the killer bee with your +3 long sword.
You die...

#...........##.#
#...........##.#
#...........##.#
#..............###
#.............[..#
#..........#####.###
################........#...#
........###############.###.#
........+.....>y@.....#.# #.#
........####...######.#.# #.#
........'......# #.#.###.#####
........##.....####
#.......##...
.............#....#
###.######.#.
######..#.##.#..).# #........#.
#.....#.##.#....##############.
#.##....<..#.................#.
#.##########################.#.


You could see a killer bee.

Vanquished Creatures
  A two-headed ogre (D:7)
  Grinder (D:4)
  2 slime creatures
  3 yaks
  A water moccasin (D:5)
  4 ice beasts
  2 black bears
  A crocodile (Sewer)
  5 ogres
  2 sky beasts
  A centaur (D:7)
  2 phantoms
  A brain worm (Sewer)
  3 scorpions
  8 wights (D:7)
  5 killer bees (D:7)
  2 howler monkeys
  5 bombardier beetles
  4 jellies
  4 orc priests
  A gnoll bouda (D:7)
  6 hounds
  4 iguanas
  Jessica (D:1)
  3 orc wizards
  Robin (D:2)
  11 adders
  5 gnolls
  4 shadow imps
  2 white imps
  2 ufetubi (D:5)
  A ribbon worm (D:2)
  13 orcs
  12 bats
  8 endoplasms
  8 giant cockroaches
  13 hobgoblins
  2 jackals (D:3)
  8 kobolds
  6 quokkas
  8 ball pythons
  3 frilled lizards (D:3)
  15 goblins
194 creatures vanquished.

Vanquished Creatures (others)
  An angel (D:4)
1 creature vanquished.

Grand Total: 195 creatures vanquished

Notes
Turn   | Place    | Note
-------+----------+-------------------------------------------
     0 | D:1      | Ahpoh the Coglin Gladiator began the quest for the Orb.
     0 | D:1      | Reached XP level 1. HP: 16/16 MP: 1/1
   230 | D:1      | Reached XP level 2. HP: 22/22 MP: 2/2
   707 | D:2      | Noticed Jessica
   720 | D:1      | Killed Jessica
   721 | D:1      | Reached XP level 3. HP: 28/28 MP: 3/3
   728 | D:2      | Reached XP level 4. HP: 25/34 MP: 4/4
   870 | D:2      | Noticed Robin
  1094 | D:2      | Killed Robin
  1120 | D:3      | Reached skill level 4 in Long Blades
  1400 | D:2      | Reached skill level 1 in Armour
  1790 | D:3      | Reached XP level 5. HP: 32/40 MP: 5/5
  1810 | D:3      | Noticed a black bear
  1998 | D:3      | Found a roughly hewn altar of Beogh.
  1998 | D:3      | Found the +7 staff of the Meek {protect, meekguard}
  2118 | D:2      | Reached XP level 6. HP: 27/47 MP: 6/6
  2225 | D:3      | Gained mutation: You occasionally lose the ability to read
                  | scrolls when taking damage. [potion of mutation]
  2272 | D:3      | Found a faded altar of an unknown god.
  2293 | D:3      | Killed a black bear
  2382 | D:3      | Reached skill level 5 in Long Blades
  2689 | D:4      | Noticed an angel
  2733 | D:4      | Found a glowing silver altar of Zin.
  2767 | D:4      | Found a shimmering altar of Xom.
  2825 | D:4      | Killed an angel
  2830 | D:4      | Found Ucsilus's Assorted Antiques.
  2878 | D:4      | Reached XP level 7. HP: 48/53 MP: 7/7
  2994 | D:4      | Found a blossoming altar of Fedhas.
  3512 | D:4      | Found an opulent altar of Gozag.
  3512 | D:4      | Found a radiant altar of Vehumet.
  3514 | D:4      | Found a glowing golden altar of the Shining One.
  3514 | D:4      | Found a sacrificial altar of Ru.
  3659 | D:5      | Entered Level 5 of the Dungeon
  3959 | D:5      | Found a hazy altar of Hepliaklqana.
  4001 | D:5      | Reached skill level 6 in Long Blades
  4004 | D:5      | Reached XP level 8. HP: 51/60 MP: 8/8
  4551 | D:5      | Noticed a yak
  4551 | D:5      | Noticed a yak
  4576 | D:4      | Killed a yak
  4577 | D:4      | Reached skill level 7 in Long Blades
  4879 | D:5      | Noticed Grinder
  4888 | D:4      | Paralysed by Grinder for 3 turns
  4901 | D:4      | Killed Grinder
  5161 | D:5      | Noticed a yak
  5176 | D:4      | Killed a yak
  5177 | D:4      | Reached XP level 9. HP: 58/66 MP: 9/9
  5261 | D:5      | Reached skill level 8 in Long Blades
  5559 | D:6      | Reached skill level 5 in Fighting
  5792 | D:6      | Found an ancient bone altar of Kikubaaqudgha.
  5940 | D:6      | Reached skill level 5 in Throwing
  6114 | D:6      | Found a glowing drain.
  6138 | Sewer    | Entered a sewer
  6840 | D:7      | Reached skill level 9 in Long Blades
  7114 | D:7      | Found a staircase to the Ecumenical Temple.
  7128 | Temple   | Entered the Ecumenical Temple
  7266 | Temple   | Became a worshipper of Warmaster Okawaru
  7336 | D:7      | Reached XP level 10. HP: 59/74 MP: 10/10
  7345 | D:7      | Reached skill level 5 in Armour
  7398 | D:7      | Reached skill level 5 in Dodging
  7824 | D:7      | Noticed a two-headed ogre
  7833 | D:7      | Killed a two-headed ogre
  7833 | D:7      | Reached * piety under Okawaru
  9002 | D:6      | Reached skill level 10 in Long Blades
  9619 | D:7      | Reached ** piety under Okawaru
  9642 | D:7      | HP: 2/76 [poisoned by a killer bee]
  9644 | D:7      | Succumbed to a killer bee's poison

Illustrated notes

Levels and vault maps discovered:
D:1:      eino_arrival_cavern_e, layout_loops_ring, minmay_misc_feat_rugged,
          minmay_bisected
D:2:      layout_basic, uniq_jessica, uniq_robin
D:3:      layout_rooms, hellmonk_ecumenical_altar_prayer_group,
          pf_guarded_unrand_meek
D:4:      layout_layer_cave, grunt_temple_overflow_order_and_chaos_1,
          fedhas_altar_decomposition, mainiacjoe_overflow_alcove_3,
          serial_shops, shop, chequers_big_river
D:5:      layout_basic, nicolae_hepliaklqana_hazy_memory,
          minmay_increasing_density, uniq_grinder
D:6:      layout_cave_pods, mainiacjoe_overflow_concentric_impassable,
          portal_sewer_entry_f
D:7:      minmay_chambers_of_sevens, layout_basic,
          minmay_temple_entry_sparse_star
D:8:      cheibrodos_shockbox, layout_rooms, mainiacjoe_overflow_tiny_flanked
Temple:   cyrus_temple_forest

Skill      XL: |  1  2  3  4  5  6  7  8  9 10 |
---------------+-------------------------------+-----
Throwing       | 2 3 4 5 6 |  6.2
Dodging        | 3 4 5 |  5.2
Long Blades    | 4 5 6 7 9 10 | 10.1
Armour         | 1 2 3 4 6 |  6.1
Fighting       | 3 4 5 6 |  6.0
Evocations     | |  0.1

Action                     |  1- 3 |  4- 6 |  7- 9 | 10-12 || total
---------------------------+-------+-------+-------+-------++-------
  Melee: Dagger            |    26 |       |       |       ||    26
         Long sword        |    39 |   127 |   196 |   105 ||   467
         Short sword       |    11 |    61 |       |       ||    72
         Falchion          |       |    60 |   190 |   106 ||   356
  Throw: Boomerang         |       |     6 |    89 |     6 ||   101
         Throwing net      |       |       |     2 |     1 ||     3
         Javelin           |       |       |       |    20 ||    20
  Evoke: Wand              |       |       |       |     6 ||     6
    Use: Scroll            |       |     5 |     3 |     3 ||    11
         Potion            |       |     5 |     5 |     5 ||    15
   Stab: Sleeping          |     1 |       |       |       ||     1
         Held in net/web   |       |       |     2 |       ||     2
 Armour: Leather armour    |    26 |    96 |       |       ||   122
         Chain mail        |       |       |   192 |   183 ||   375
         Scale mail        |       |       |    11 |       ||    11
  Dodge: Dodged            |    42 |   105 |   113 |    52 ||   312

Table legend: (Time is in decaauts)
 A = Elapsed time spent in this place.
 B = Non-inter-level travel time spent in this place.
 C = Inter-level travel time spent in this place.
 D = Time resting spent in this place.
 E = Time spent auto-exploring this place.
 F = Levels seen in this place.
 G = Mean time per level.
                   A        B        C        D        E       F      G
               +--------+--------+--------+--------+--------+-----+--------+
         Total |   9675 |   9413 |    262 |   2200 |   4435 |  10 |  967.5 |
       Dungeon |   9313 |   9051 |    262 |   2027 |   4406 |   8 | 1164.1 |
        Temple |    185 |    185 |      0 |    100 |      0 |   1 |  185.0 |
         Sewer |    176 |    176 |      0 |     73 |     29 |   1 |  176.0 |
               +--------+--------+--------+--------+--------+-----+--------+

Top non-repeatable levels by time:
     D:7: 2224 daAuts
     D:4: 1902 daAuts
     D:6: 1487 daAuts
     D:5: 986 daAuts
     D:2: 931 daAuts
     D:1: 898 daAuts
     D:3: 858 daAuts
  Temple: 185 daAuts
   Sewer: 176 daAuts
     D:8: 25 daAuts
